 Dungeon Crawl Stone Soup version 0.20-a0-443-g0464b71 (webtiles) character file.

10515 Gleancrawler the Cleaver (level 11, -6/92 HPs)
             Began as a Formicid Fighter on Jan 6, 2017.
             Was an Initiate of Gozag.
             Killed from afar by an efreet (15 damage)
             ... with a bolt of fire
             ... on level 10 of the Dungeon.
             The game lasted 00:23:32 (10966 turns).

Gleancrawler the Cleaver (Formicid Fighter)        Turns: 10966, Time: 00:23:33

Health: -6/92      AC: 20    Str: 20    XL:     11   Next: 94%
Magic:  11/11      EV:  5    Int: 12    God:    Gozag
Gold:   680        SH:  9    Dex: 10    Spells: 10/10 levels left

rFire  . . .     SeeInvis +     w - +3 dire flail
rCold  . . .     Gourm    .     C - +0 plate armour
rNeg   + . .     Faith    .     c - +0 shield
rPois  .         Spirit   .     (helmet unavailable)
rElec  .         Reflect  .     q - +2 cloak
rCorr  +         Harm     .     m - +1 pair of gloves
MR     ++++.     Clarity  +     (no boots)
Stlth  ..........               g - amulet of the Four Winds {rN+ MR+++ Clar}
                                (no ring)
                                E - ring of resist corrosion

@: barbed spikes, gold aura
A: permanent stasis, dig shafts and tunnels, four strong arms, antennae 3
a: Dig, Shaft Self, Potion Petition, Call Merchant, Bribe Branch, Renounce
Religion


You were on level 10 of the Dungeon.
You worshipped Gozag.
Gozag was pleased with you.
You were not hungry.

You visited 2 branches of the dungeon, and saw 11 of its levels.

You collected 1333 gold pieces.
You spent 448 gold pieces at shops.
You paid 205 gold pieces to Gozag.

Inventory:

Hand Weapons
 a - a +1 war axe
 e - a +4 scimitar of flaming
 w - a +3 dire flail (weapon)
 y - a +0 broad axe
 A - a +0 hand axe of venom
Armour
 c - a +0 shield (worn)
 m - a +1 pair of gloves (worn)
 q - a +2 cloak (worn)
 C - a +0 plate armour (worn)
Magical Staves
 z - an uncursed staff of air {unknown}
Jewellery
 g - the amulet of the Four Winds (around neck) {rN+ MR+++ Clar}
   (You bought it in a shop on level 6 of the Dungeon)

   [amulet of nothing]

   It protects you from negative energy.
   It affects your resistance to hostile enchantments.
   It protects you against confusion.
 E - a ring of resist corrosion (left hand)
 H - an uncursed ring of ice
Wands
 n - a wand of lightning (15/15)
 r - a wand of polymorph (12/24)
 B - a wand of lightning (3/15)
 D - a wand of confusion (34/48)
Scrolls
 b - a scroll of remove curse
 h - a scroll of amnesia
 k - a scroll of fog
 u - 2 scrolls of recharging
 v - a scroll of enchant weapon
 F - a scroll of enchant armour
Potions
 d - a potion of might
 i - 2 potions of resistance {unknown}
 j - a potion of heal wounds {unknown}
 l - a potion of brilliance {unknown}
 o - 2 potions of cancellation
 p - a potion of cure mutation {unknown}
 t - a potion of curing
 x - a potion of degeneration {unknown}
Miscellaneous
 G - a sack of spiders
Comestibles
 f - 2 bread rations
 s - 3 meat rations


   Skills:
 - Level 10.9 Fighting
 - Level 12.0 Axes
 + Level 10.8 Armour
 - Level 3.6 Shields


You had 10 spell levels left.
You didn't know any spells.

Dungeon Overview and Level Annotations

Branches:
Dungeon (10/15)            Temple (1/1) D:4
   Lair: D:8-11         Orc: D:9-12

Altars:
Ashenzari
Cheibriados
Dithmenos
Elyvilon
Fedhas
Gozag
Hepliaklqana
Kikubaaqudgha
Makhleb
Nemelex Xobeh
Okawaru
Qazlal
Ru
Sif Muna
Trog
Uskayaw
Vehumet
Xom
Yredelemnul
Zin
The Shining One

Shops:
D:6 =


Innate Abilities, Weirdness & Mutations

You cannot be hasted, slowed, berserked, paralysed or teleported.
You can dig through walls and to a lower floor.
Your four strong arms can wield two-handed weapons with a shield.
You have a pair of large antennae on your head. (SInv)


Message History

You block the hungry ghost's attack.
You sock the hungry ghost!
You destroy the hungry ghost!
A hound comes into view.
The barbed spikes dig painfully into your body as you move.
* * * LOW HITPOINT WARNING * * *
An efreet comes into view. It is wielding a scimitar of flaming.
Found a hardcover book.
You see here 24 gold pieces.
Are you sure you want to shaft yourself?
You feel quite a bit more hungry. The efreet gestures at you.
The bolt of fire hits you!
* * * LOW HITPOINT WARNING * * *
You begin to dig a shaft.
You continue digging a shaft.
The hound stops to sniff the ground.
The efreet gestures at you. The bolt of fire hits you!
You die...
Your body crumbles into a pile of gold.

##.....#..........
#.....###......... ยง
#........#..... :R
####.......##..... $ ...
#(.#......(.#..)## #...
#.....###...#.....
.....###.$...#....#.....
#.......# #..#.#.....
#..h.@..#######.#..>..
#..###.$#(.#..#.#.....
... #..)...#....#..... $
# #$.#..###...#.....
####........#..... $ $
#.......##.....
$#.......#####.....
##...#..# #.....
...!.#.##


You could see an efreet and a hound.

Vanquished Creatures
  A centaur warrior (D:10)
  3 two-headed ogres
  The ghost of
  100101001 the Spear-Bearer, a novice TeBe of Trog (D:7)
  An unseen horror (D:10)
  A manticore (D:10)
  The ghost of dextor the Tainter, a novice BaVM of the Shining One (D:5)
  An efreet (D:10)
  2 hippogriffs
  Sigmund (D:4)
  A shadow (D:9)
  A wyvern (D:9)
  Eustachio (D:5)
  3 yaks (D:8)
  2 hungry ghosts
  Menkaure (D:6)
  3 orc warriors
  3 ice beasts
  A sky beast (D:10)
  A black bear (D:8)
  4 necrophages
  4 ogres
  4 centaurs
  A big kobold (D:9)
  2 bullfrogs
  2 scorpions
  A wight (D:10)
  6 killer bees (D:8)
  3 crimson imps
  3 centaur zombies
  4 jellies
  5 hounds
  A bullfrog zombie (D:7)
  5 orc priests
  2 centaur skeletons
  2 bullfrog skeletons (D:9)
  3 orc wizards
  2 iguanas
  4 worker ants
  2 hound zombies
  A hound skeleton (D:5)
  A mummy (D:10)
  A howler monkey zombie (D:10)
  2 worker ant zombies
  7 gnolls
  18 adders
  2 shadow imps
  2 oozes (D:3)
  2 adder skeletons
  An adder zombie (D:8)
  13 worms
  4 dart slugs
  7 leopard geckos
  36 orcs
  10 bats
  4 giant cockroaches
  9 goblins
  7 hobgoblins
  25 jackals
  4 quokkas
  2 ball pythons
  7 frilled lizards
  14 kobolds
  A leopard gecko skeleton (D:5)
  A leopard gecko zombie (D:5)
  8 rats
  A spectral orc (D:3)
279 creatures vanquished.

Notes
Turn   | Place    | Note
-------+----------+-------------------------------------------
     0 | D:1      | Gleancrawler the Formicid Fighter began the quest for the Orb.
     0 | D:1      | Reached XP level 1. HP: 18/18 MP: 1/1
   161 | D:1      | Reached XP level 2. HP: 24/24 MP: 2/2
   319 | D:1      | Reached skill level 3 in Axes
   369 | D:1      | Reached XP level 3. HP: 26/29 MP: 3/3
   824 | D:2      | Reached skill level 4 in Axes
   824 | D:2      | Reached XP level 4. HP: 25/35 MP: 4/4
  1801 | D:2      | Reached XP level 5. HP: 31/41 MP: 5/5
  1981 | D:2      | You fall through a shaft for 2 floors!
  1981 | D:4      | Noticed Sigmund
  1993 | D:3      | Reached skill level 5 in Axes
  2323 | D:3      | Noticed an orc warrior
  2375 | D:3      | Killed an orc warrior
  2375 | D:3      | Reached skill level 6 in Axes
  2375 | D:3      | Reached XP level 6. HP: 30/47 MP: 6/6
  2885 | D:3      | Found a basalt altar of Yredelemnul.
  3248 | D:4      | Killed Sigmund
  3248 | D:4      | Reached skill level 7 in Axes
  3248 | D:4      | Reached XP level 7. HP: 46/52 MP: 7/7
  3361 | D:4      | Reached skill level 8 in Axes
  3466 | D:4      | Found a staircase to the Ecumenical Temple.
  3691 | D:5      | Entered Level 5 of the Dungeon
  3703 | D:5      | Reached XP level 8. HP: 48/58 MP: 8/8
  4082 | D:5      | Noticed dextor's ghost (novice BaVM)
  4143 | D:5      | Killed dextor's ghost
  4143 | D:5      | Reached skill level 10 in Axes
  4522 | D:5      | Reached XP level 9. HP: 59/64 MP: 9/9
  4619 | D:5      | Noticed Eustachio
  4662 | D:5      | Killed Eustachio
  4662 | D:5      | Reached skill level 11 in Axes
  4890 | D:6      | Found a burning altar of Makhleb.
  5656 | D:6      | Noticed Menkaure
  5666 | D:6      | Killed Menkaure
  5667 | D:6      | Reached skill level 12 in Axes
  5870 | D:6      | Found Igreopsa's Jewellery Shop.
  6028 | D:7      | Noticed 100101001's ghost (novice TeBe)
  6333 | D:7      | Found a shimmering altar of Xom.
  6333 | D:7      | Noticed a hippogriff
  6358 | D:7      | Killed a hippogriff
  6358 | D:7      | Reached skill level 5 in Fighting
  6431 | D:7      | Reached XP level 10. HP: 57/76 MP: 10/10
  6536 | D:7      | Found a shimmering altar of Xom.
  6548 | D:7      | Found a shimmering altar of Xom.
  6549 | D:7      | Found a shimmering altar of Xom.
  6655 | D:7      | Found a shimmering altar of Xom.
  6656 | D:7      | Found a shimmering altar of Xom.
  6662 | D:7      | You fall through a shaft!
  6687 | D:8      | Noticed a two-headed ogre
  6698 | D:8      | Killed a two-headed ogre
  6990 | D:7      | Found a white marble altar of Elyvilon.
  7303 | D:7      | Killed 100101001's ghost
  7654 | D:8      | Got a slimy dagger
  7655 | D:8      | Identified the +7 dagger "Miyti" {pierce, *Drain rF+++ Str+4} (You found it on level 8 of the Dungeon)
  7848 | D:6      | Reached skill level 10 in Fighting
  7907 | Temple   | Entered the Ecumenical Temple
  8072 | Temple   | Became a worshipper of Gozag Ym Sagoz the Greedy
  8283 | D:8      | Noticed a two-headed ogre
  8304 | D:8      | Killed a two-headed ogre
  8450 | D:6      | Bought the amulet of the Four Winds {rN+ MR+++ Clar} for 448 gold pieces
  8610 | D:8      | Reached XP level 11. HP: 83/92 MP: 11/11
  8856 | D:8      | Found a glowing golden altar of the Shining One.
  8935 | D:9      | Noticed a seven-headed hydra
  8986 | D:8      | Reached skill level 5 in Armour
  9785 | D:9      | Noticed a two-headed ogre
  9819 | D:9      | Killed a two-headed ogre
 10374 | D:10     | Entered Level 10 of the Dungeon
 10398 | D:10     | Noticed an unseen horror
 10411 | D:10     | Killed an unseen horror
 10876 | D:10     | Noticed a centaur warrior
 10889 | D:10     | Killed a centaur warrior
 10889 | D:10     | Reached skill level 10 in Armour
 10905 | D:10     | Noticed a manticore
 10929 | D:10     | Killed a manticore
 10966 | D:10     | Killed from afar by an efreet

Vault maps used:
D:1:      onia_arrival_mini_maze, minmay_tetromino_l4
D:3:      yredelemnul_forgotten_temple_becter
D:4:      first_bread, uniq_sigmund
D:5:      uniq_eustachio
D:6:      serial_shops, nicolae_shop_trees, basic_altar, kennysheep_nub,
          uniq_menkaure
D:7:      overflow_temple_1_default, xom_redecorated
D:8:      tso_altar
D:10:     hangedman_cross_cluster, serial_undead, serial_undead_e,
          serial_undead_b, serial_undead_a, serial_undead_c, uniq_maurice
Temple:   dpeg_five_rooms_temple

Skill      XL: |  1  2  3  4  5  6  7  8  9 10 11 |
---------------+----------------------------------+-----
Axes           | 3 4 6 7 8 10 12 | 12.0
Fighting       | 5 10 | 10.9
Armour         | 4 10 | 10.8
Shields        | |  3.6

Action                   |  1- 3 |  4- 6 |  7- 9 | 10-12 || total
-------------------------+-------+-------+-------+-------++-------
Melee: War axe           |    81 |   232 |   246 |   108 ||   667
       Hand axe          |       |       |    81 |   348 ||   429
       Dire flail        |       |       |       |    28 ||    28
 Abil: Dig               |       |     1 |     6 |     2 ||     9
       Shaft Self        |       |       |       |     1 ||     1
Evoke: Wand              |       |     3 |       |     1 ||     4
  Use: Scroll            |       |     4 |     4 |    13 ||    21
       Potion            |       |     1 |     2 |     4 ||     7
 Stab: Distracted        |       |       |       |     2 ||     2
  Eat: Chunk             |       |     8 |    11 |     7 ||    26
       Fruit             |       |       |       |     4 ||     4
       Beef jerky        |       |       |       |     1 ||     1
       Bread ration      |       |       |       |     2 ||     2
Armor: Scale mail        |    54 |    91 |    28 |       ||   173
       Chain mail        |       |       |    90 |    61 ||   151
       Plate armour      |       |       |       |   164 ||   164
Dodge: Dodged            |    30 |    69 |    60 |    51 ||   210
Block: Shield            |    51 |   113 |   120 |   162 ||   446
